 Dungeon Crawl Stone Soup version 0.27-a0-705-ga0013940fb (webtiles) character file.

Game seed: 3294960363758666160

100 Lanoc the Ducker (level 4, -3/36 HPs)
             Began as a Spriggan Abyssal Knight on Mar 22, 2021.
             Was a Believer of Lugonu.
             Slain by Grinder (6 damage)
             ... while paralysed by Grinder
             ... on level 3 of the Dungeon.
             The game lasted 00:04:59 (3823 turns).

Lanoc the Ducker (Spriggan Abyssal Knight)          Turns: 3823, Time: 00:04:59

Health: -3/36      AC:  3    Str:  8    XL:     4   Next: 46%
Magic:  7/7        EV:  4    Int: 14    God:    Lugonu [**....]
Gold:   78         SH:  0    Dex: 14    Spells: 3/3 levels left

rFire    . . .     SeeInvis +   b - +2 dagger (drain)
rCold    . . .     Faith    .   (shield restricted)
rNeg     . . .     Spirit   .   p - +1 robe
rPois    .         Reflect  .   (helmet restricted)
rElec    .         Harm     .   (no cloak)
rCorr    .         Rampage  .   (gloves unavailable)
Will     .....                  (boots unavailable)
Stlth    ..........             r - amulet of the acrobat
HPRegen  0.12/turn              i - +4 ring of evasion
MPRegen  0.10/turn              (no ring)

@: paralysed, berserking (expiring), very quick
A: very small, no large weapons, unfitting armour, see invisible, speed 3
a: Renounce Religion, Depart the Abyss, Bend Space


You were on level 3 of the Dungeon.
You worshipped Lugonu.
Lugonu was pleased with you.
You visited 1 branch of the dungeon, and saw 3 of its levels.
You visited the Abyss 1 time.

You collected 78 gold pieces.

Inventory:

Hand Weapons
 a - a +0 hunting sling
 b - a +2 dagger of draining (weapon)
Missiles
 f - 16 arrows
 g - 66 stones (quivered)
Armour
 p - a +1 robe (worn)
Jewellery
 e - a ring of ice
 i - a +4 ring of evasion (right hand)
 r - an amulet of the acrobat (around neck)
Scrolls
 c - 4 scrolls of identify {unknown}
 d - 2 scrolls of blinking {unknown}
 j - a scroll of teleportation {unknown}
 l - a scroll of immolation {unknown}
 m - a scroll of noise {unknown}
 n - a scroll of silence {unknown}
 o - a scroll of enchant weapon {unknown}
 q - 3 scrolls of amnesia {unknown}
Potions
 h - a potion of curing {unknown}
 k - a potion of berserk rage


   Skills:
 + Level 3.0 Fighting
 - Level 2.1 Short Blades
 + Level 4.2 Dodging
 * Level 3.5 Invocations


You had 3 spell levels left.
You didn't know any spells.
Your spell library contained the following spells:

 Spells                   Type           Power      Damage    Failure   Level
 Confusing Touch          Hex            0%         N/A       65%         3
 Gell's Gravitas          Tloc           0%         N/A       65%         3
 Petrify                  Tmut/Erth      0%         N/A       96%         4
 Metabolic Englaciation   Hex/Ice        0%         N/A       100%        5
 Yara's Violent Unravell  Hex/Tmut       0%         3d3       100%        5


Dungeon Overview and Level Annotations

Branches:
Dungeon (3/15)

Altars:
Qazlal

Annotations:
D:3 Grinder


Innate Abilities, Weirdness & Mutations

You are very small and have problems with some larger weapons.
You are too small for most types of armour.
You have supernaturally acute eyesight. (SInv)
You cover ground extremely quickly. (Speed+++)


Message History

Grinder is lightly wounded.
Grinder hits you.
You hit Grinder.
Grinder is moderately wounded.
You hit Grinder.
Grinder is moderately wounded.
Grinder completely misses you.
You hit Grinder.
Grinder is moderately wounded.
Grinder hits you.
You writhe in agony.
* * * LOW HITPOINT WARNING * * *
You are too injured to fight recklessly!
It was a potion of berserk rage.
A red film seems to cover your vision as you go berserk!
You feel yourself moving faster!
You feel mighty! Grinder closely misses you.
You hit Grinder.
Grinder is heavily wounded.
You barely miss Grinder.
Grinder is heavily wounded.
Grinder completely misses you.
You barely miss Grinder.
Grinder is heavily wounded.
Grinder blinks!
You feel a strong urge to attack something.
You barely miss Grinder.
Grinder is heavily wounded.
Grinder closely misses you.
You hit Grinder.
Grinder is heavily wounded.
You closely miss Grinder.
Grinder is heavily wounded.
Grinder gestures at you.
You suddenly lose the ability to move!
Grinder hits you but does no damage. Grinder hits you!
* * * LOW HITPOINT WARNING * * *
You writhe in agony.
* * * LOW HITPOINT WARNING * * *
Grinder hits you.
You die...

#.#...# #..#............
#...†.###..#..####......
#....................###
##....######.#######.#
##.#........# .#
#.########## # #.#
#.######### #....5@...#
#########.# #(..(....
#########


You could see Grinder.

Vanquished Creatures
  3 adders (D:2)
  2 dart slugs (D:2)
  An orc (D:3)
  8 ball pythons
  A giant cockroach (D:3)
  8 goblins
  5 hobgoblins
  3 jackals
  7 oozes
  3 quokkas (D:2)
  7 bats
  6 frilled lizards
  4 kobolds (D:2)
  7 rats
65 creatures vanquished.

Notes
Turn   | Place    | Note
-------+----------+-------------------------------------------
     0 | Abyss:1  | Lanoc the Spriggan Abyssal Knight began the quest for the
                  | Orb.
     0 | Abyss:1  | Reached XP level 1. HP: 11/11 MP: 3/3
     1 | Abyss:1  | Found a corrupted altar of Lugonu.
    70 | Abyss:1  | Noticed a ynoxinul
    75 | Abyss:1  | Noticed an orange demon
   105 | Abyss:1  | Noticed an ancient zyme
   131 | Abyss:1  | Noticed a chaos spawn
   152 | Abyss:1  | Noticed a neqoxec
   163 | D:1      | Escaped the Abyss
  1294 | D:1      | Reached XP level 2. HP: 16/16 MP: 4/4
  1965 | D:2      | Reached XP level 3. HP: 19/19 MP: 4/6
  2184 | D:2      | Found a stormy altar of Qazlal.
  2276 | D:2      | Reached skill level 4 in Dodging
  2318 | D:2      | Reached * piety under Lugonu
  2456 | D:2      | Reached XP level 4. HP: 4/23 MP: 7/7
  3765 | D:3      | Reached ** piety under Lugonu
  3803 | D:3      | Noticed Grinder
  3820 | D:3      | Paralysed by Grinder for 7 turns
  3823 | D:3      | Slain by Grinder

Illustrated notes

Levels and vault maps discovered:
D:1:      tarquinn_simple_flora_water_d, layout_basic, serial_forest,
          infiniplex_forest_corner_1, infiniplex_forest_straight_2,
          infiniplex_forest_straight_5, infiniplex_forest_end_1,
          infiniplex_forest_clump_medium, infiniplex_forest_lined_3_way,
          infiniplex_forest_lined_2, minmay_hexomino_p4
D:2:      minmay_thinvault, layout_basic, nicolae_qazlal_general_emergency
D:3:      layout_loops_ring, gammafunk_ghost_gnarly_gnolls, uniq_grinder

Skill      XL: |  1  2  3  4 |
---------------+-------------+-----
Invocations    | 2 3 |  3.5
Dodging        | 4 |  4.2
Fighting       | 3 |  3.0
Short Blades   | |  2.1

Action                   |  1- 3 |  4- 6 || total
-------------------------+-------+-------++-------
Melee: Short sword       |   145 |       ||   145
       Dagger            |       |    32 ||    32
 Fire: Hunting sling     |       |    89 ||    89
Throw: Stone             |     3 |       ||     3
Invok: Depart the Abyss  |     1 |       ||     1
  Use: Scroll            |     1 |       ||     1
       Potion            |       |     1 ||     1
 Stab: Sleeping          |     2 |       ||     2
Armor: Robe              |    17 |     7 ||    24
Dodge: Dodged            |   134 |    77 ||   211

Table legend: (Time is in decaauts)
 A = Elapsed time spent in this place.
 B = Non-inter-level travel time spent in this place.
 C = Inter-level travel time spent in this place.
 D = Time resting spent in this place.
 E = Time spent auto-exploring this place.
 F = Levels seen in this place.
 G = Mean time per level.
                   A        B        C        D        E       F      G
               +--------+--------+--------+--------+--------+-----+--------+
         Total |   2961 |   2942 |     19 |      0 |   2426 |   4 |  740.2 |
       Dungeon |   2862 |   2843 |     19 |      0 |   2384 |   3 |  954.0 |
         Abyss |     99 |     99 |      0 |      0 |     42 |   1 |   99.0 |
               +--------+--------+--------+--------+--------+-----+--------+

Top non-repeatable levels by time:
     D:2: 1578 daAuts
     D:1: 1120 daAuts
     D:3: 163 daAuts
 Abyss:1: 99 daAuts
